 Dungeon Sprint DCSS version 0.19-a0-1827-g174f941 (webtiles) character file.

3900000 Theye the Invulnerable (level 22, -32/254 HPs)
             Began as a Deep Dwarf Fighter on Oct 7, 2016.
             Was the Champion of Makhleb.
             Annihilated by a destroyer
             ... wielding a +9 great sword of slicing
              (148 damage)
             ... in the Dungeon (Sprint VIII: "Arena of Blood").
             The game lasted 00:01:15 (39 turns).

Theye the Invulnerable (Deep Dwarf Fighter)           Turns: 39, Time: 00:01:15

Health: -32/254    AC: 13    Str: 23    XL:     22   Next: 30%
Magic:  23/53      EV: 32    Int:  9    God:    Makhleb [******]
Gold:   0          SH:  0    Dex: 19    Spells: 0 memorised, 75 levels left

rFire  . . .     SeeInvis .     m - +∞ Axe of Woe
rCold  . . .     Gourm    .     b - +0 scale mail
rNeg   + . .     Faith    .     (shield currently unavailable)
rPois  .         Spirit   .     (no helmet)
rElec  .         Dismiss  .     (no cloak)
rCorr  .         Reflect  .     (no gloves)
MR     +++..     Harm     .     (no boots)
Stlth  ++++++++.. NoTele   +    (no amulet)
                                (no ring)
                                n - +200 ring of slaying

@: non-regenerating
A: damage resistance, recharge devices, negative energy resistance 1, sense
surroundings 3, slow regeneration 3
a: Device Recharging, Minor Destruction, Lesser Servant of Makhleb, Major
Destruction, Greater Servant of Makhleb, Renounce Religion


You were in the Dungeon.
You worshipped Makhleb.
Makhleb was exalted by your worship.
You were not hungry.

You visited 1 branch

Inventory:

Hand Weapons
 a - a +0 war axe
 m - the +∞ Axe of Woe (weapon)
   (You found it in the Dungeon)
Armour
 b - a +0 scale mail (worn)
 c - a +0 shield
Jewellery
 n - a +200 ring of slaying (left hand)
Wands
 e - a wand of heal wounds (5/9)
Scrolls
 l - a scroll of blinking
Potions
 d - a potion of might
 g - a potion of curing
 h - a potion of heal wounds
 i - a potion of haste
 j - 2 potions of magic
 k - a potion of berserk rage
Comestibles
 f - a bread ration


   Skills:
 O Level 27 Fighting
 O Level 27 Axes
 + Level 21.0 Throwing
 O Level 27 Armour
 O Level 27 Dodging
 O Level 27 Stealth
 O Level 27 Shields
 + Level 20.9 Unarmed Combat
 O Level 27 Spellcasting
 O Level 27 Invocations
 O Level 27 Evocations


You had 75 spell levels left.
You didn't know any spells.

Dungeon Overview and Level Annotations

Branches:
Dungeon (1/1)

Altars:
Makhleb


Innate Abilities, Weirdness & Mutations

You are resistant to damage.
You can recharge devices by infusing magical energy.
You resist negative energy. (rN+)
You passively map a large area around you.
You do not regenerate.


Message History

n - a +200 ring of slaying (left hand)
The destroyer shouts!
You hear a shout! x6
Unknown command.
The destroyer shouts!
You hear a shout! x10
An orc and a vampire knight come into view.
The destroyer is wielding a +9 great sword of slicing.
You hear a shout! x2
The bag of meat moves out of view.
You hear a shout! x5
A bag of meat comes into view. It is wielding a +9 war axe.
An ogre and a vampire knight come into view.
The destroyer is wielding a +9 great sword of slicing.
The destroyer shouts!
You hear a shout! x2
The destroyer blinks!
You hear a shout! x2
The destroyer blinks!
You hear a shout! x4
The destroyer hits you with a +9 great sword of slicing!!!!!
Ouch! That really hurt!
You die...

, , .#... #... ..#
, , ,, , ,
,.....###...
..###., , ,
..........###......
*
..#........_......
, #.......#))...#
,,, ,*
......).#_)<._# ,
,, , , * ,
#.....))#V)...#.. ,
, , ,,
..#§...).)._......,
,, *,,
.........@###......
, * * ,
.....###.V..V..###.
,,,, , .....
#.......# , , ,
.... ,,#......V# ,
, ... , ,....§..O..
, ,,, , .#.
........... , ,* ,
*, ......o...., ,
,, * * ,
...........# , * *
, , , ,*, , , ,


You could see 4 destroyers, a meat berserker (berserk) and a bag of meat
(wandering).

Vanquished Creatures
  2 vampire knights (D)
  11 ogres (D)
  12 orcs (D)
25 creatures vanquished.

Notes
Turn   | Place    | Note
-------+----------+-------------------------------------------
     0 | D        | Theye the Deep Dwarf Fighter began the quest for the Orb.
     0 | D        | Reached XP level 1. HP: 20/20 MP: 1/1
     2 | D        | Noticed a bag of meat
     2 | D        | Noticed a bag of meat
     4 | D        | Noticed a bag of meat
     4 | D        | Noticed a bag of meat
     5 | D        | Noticed a bag of meat
     7 | D        | Noticed a bag of meat
     7 | D        | Noticed a meat berserker
     8 | D        | Noticed a bag of meat
     8 | D        | Noticed a meat berserker
     9 | D        | Became a worshipper of Makhleb the Destroyer
     9 | D        | Noticed a bag of meat
    10 | D        | Noticed a bag of meat
    10 | D        | Noticed a meat berserker
    10 | D        | Killed a meat berserker
    10 | D        | Reached XP level 2. HP: 36/56 MP: 2/2
    10 | D        | Reached XP level 3. HP: 40/63 MP: 3/3
    10 | D        | Reached XP level 4. HP: 46/72 MP: 4/4
    10 | D        | Reached XP level 5. HP: 52/80 MP: 5/5
    10 | D        | Reached XP level 6. HP: 57/88 MP: 6/6
    10 | D        | Reached XP level 7. HP: 62/96 MP: 7/7
    10 | D        | Reached XP level 8. HP: 67/104 MP: 8/8
    10 | D        | Gained mutation: You passively map the area around you. [Deep Dwarf growth]
    10 | D        | Reached XP level 9. HP: 72/112 MP: 9/9
    10 | D        | Reached XP level 10. HP: 78/121 MP: 10/10
    10 | D        | Reached XP level 11. HP: 83/128 MP: 11/11
    10 | D        | Reached XP level 12. HP: 88/136 MP: 12/12
    10 | D        | Reached XP level 13. HP: 94/145 MP: 13/13
    10 | D        | Killed a bag of meat
    10 | D        | Reached * piety under Makhleb
    10 | D        | Killed a meat berserker
    10 | D        | Reached skill level 15 in Axes
    10 | D        | Gained mutation: You resist negative energy. (rN+) [Deep Dwarf growth]
    10 | D        | Reached XP level 14. HP: 105/163 MP: 14/14
    11 | D        | Noticed a meat berserker
    11 | D        | Killed a meat berserker
    11 | D        | Reached XP level 15. HP: 77/177 MP: 15/15
    11 | D        | Reached ** piety under Makhleb
    11 | D        | Reached skill level 27 in Armour
    11 | D        | Reached XP level 16. HP: 164/190 MP: 16/16
    12 | D        | Reached *** piety under Makhleb
    12 | D        | Reached skill level 27 in Shields
    13 | D        | Noticed a meat berserker
    13 | D        | Reached skill level 27 in Fighting
    13 | D        | Reached XP level 17. HP: 208/208 MP: 17/17
    14 | D        | Noticed a meat berserker
    14 | D        | Killed a meat berserker
    14 | D        | Reached **** piety under Makhleb
    14 | D        | Reached skill level 27 in Axes
    15 | D        | Killed a meat berserker
    15 | D        | Reached skill level 10 in Stealth
    15 | D        | Reached skill level 10 in Invocations
    15 | D        | Reached skill level 10 in Evocations
    15 | D        | Gained mutation: You passively map a large area around you. [Deep Dwarf growth]
    15 | D        | Reached XP level 18. HP: 218/218 MP: 17/28
    17 | D        | Noticed a meat berserker
    17 | D        | Killed a meat berserker
    17 | D        | Reached XP level 19. HP: 226/226 MP: 17/34
    19 | D        | Reached ***** piety under Makhleb
    19 | D        | Reached skill level 15 in Dodging
    21 | D        | Noticed a meat berserker
    22 | D        | Killed a meat berserker
    24 | D        | Noticed a meat berserker
    25 | D        | Noticed a meat berserker
    25 | D        | Noticed a meat berserker
    25 | D        | Killed a meat berserker
    25 | D        | Reached XP level 20. HP: 216/236 MP: 19/41
    26 | D        | Noticed a destroyer
    28 | D        | Killed a meat berserker
    29 | D        | Killed a meat berserker
    29 | D        | Reached skill level 27 in Stealth
    29 | D        | Reached skill level 27 in Invocations
    29 | D        | Reached skill level 27 in Evocations
    29 | D        | Reached XP level 21. HP: 244/244 MP: 20/45
    29 | D        | Reached skill level 27 in Dodging
    30 | D        | Killed a destroyer
    30 | D        | Reached skill level 27 in Spellcasting
    31 | D        | Noticed a destroyer
    32 | D        | Killed a destroyer
    32 | D        | Reached ****** piety under Makhleb
    32 | D        | Reached XP level 22. HP: 66/254 MP: 20/53
    34 | D        | Noticed a destroyer
    35 | D        | Noticed a destroyer
    38 | D        | Noticed a destroyer
    39 | D        | Noticed a destroyer
    39 | D        | Annihilated by a destroyer

Vault maps used:
D:        meatsprint

Skill      XL: |  1  2  3  4  5  6  7  8  9 10 11 12 13 14 15 16 17 18 19 20 21 22 |
---------------+-------------------------------------------------------------------+-----
Fighting       | 17 20 22 24 27 | 27.0
Axes           | 11 15 17 19 23 27 | 27.0
Armour         | 19 23 25 27 | 27.0
Shields        | 19 22 24 25 27 | 27.0
Throwing       | 7 9 19 21 | 21.0
Dodging        | 9 14 21 25 27 | 27.0
Stealth        | 10 16 24 27 | 27.0
Unarmed Combat | 7 9 19 20 | 20.9
Spellcasting   | 6 11 17 20 27 | 27.0
Invocations    | 10 16 24 27 | 27.0
Evocations     | 10 16 24 27 | 27.0

Action                   |  1- 3 |  4- 6 |  7- 9 | 10-12 | 13-15 | 16-18 | 19-21 | 22-24 || total
-------------------------+-------+-------+-------+-------+-------+-------+-------+-------++-------
Melee: Executioner's axe |     1 |       |       |       |     1 |     5 |     8 |     1 ||    16
Armor: Scale mail        |       |       |       |       |       |       |     1 |       ||     1
Dodge: Dodged            |       |       |       |       |     1 |       |       |       ||     1
